 Dungeon Crawl Stone Soup version 0.29.0-7-g18a832c13a (webtiles) character file.

Game seed: 3435119227587203238

266 Sobieck the Spear-Bearer (level 6, -4/44 HPs)
             Began as a Merfolk Gladiator on Aug 31, 2022.
             Killed from afar by a white imp (6 damage)
             ... with a puff of frost
             ... summoned by Eustachio
             ... on level 3 of the Dungeon.
             The game lasted 00:05:31 (3687 turns).

Sobieck the Spear-Bearer (Merfolk Gladiator)        Turns: 3687, Time: 00:05:31

Health: -4/44      AC:  8    Str: 16      XL:     6   Next: 20%
Magic:  6/6        EV: 10    Int:  7      God:
Gold:   130        SH:  3    Dex: 15 (16) Spells: 5/5 levels left

rFire   . . .      SeeInvis .   a - +0 trident {polearm}
rCold   . . .      Faith    .   k - +0 buckler
rNeg    . . .      Spirit   .   j - +0 scale mail
rPois   .          Reflect  .   c - +1 helmet
rElec   .          Harm     .   (no cloak)
rCorr   .          Rampage  .   (no gloves)
Will    .....                   (no boots)
Stlth   ..........              (no amulet)
HPRegen 0.14/turn               C - ring of wizardry
MPRegen 0.10/turn               (no ring)

@: no status effects
A: (nimble swimmer 2), mertail
a: no special abilities


You were on level 3 of the Dungeon.
You visited 1 branch of the dungeon, and saw 4 of its levels.

You collected 205 gold pieces.
You spent 75 gold pieces at shops.


Innate Abilities, Weirdness & Mutations

((You are very nimble when in or above water. (Stealth+, EV+, Speed+++)))
Your lower body shifts to a powerful aquatic tail in water.


   Skills:
 - Level 2.1 Fighting
 + Level 8.9 Polearms
 - Level 2.0 Throwing
 - Level 4.0 Dodging


You had 5 spell levels left.
You didn't know any spells.
Your spell library was empty.

Inventory:

Hand Weapons
 a - a +0 trident (weapon) {polearm}
 r - a +0 flail of holy wrath {mace}
   (You found it on level 2 of the Dungeon)
Missiles
 d - 4 throwing nets (quivered) {=f!fthrowing}
 e - a javelin {throwing}
 f - 20 stones {throwing}
 s - 3 boomerangs {throwing}
Armour
 b - a +0 leather armour
 c - a +1 helmet (worn)
 i - a +0 chain mail
   (You found it on level 1 of the Dungeon)
 j - a +0 scale mail (worn)
   (You found it on level 1 of the Dungeon)
 k - a +0 buckler (worn)
   (You found it on level 1 of the Dungeon)
 l - a +0 ring mail
   (You found it on level 1 of the Dungeon)
 p - a +0 ring mail
   (You found it on level 2 of the Dungeon)
 q - a +0 animal skin
   (You took it off Robin on level 1 of the Dungeon)
 u - a +0 robe
   (You took it off an orc wizard on level 2 of the Dungeon)
 z - a +0 ring mail
   (You found it on level 3 of the Dungeon)
 B - a +0 ring mail
   (You found it on level 3 of the Dungeon)
Jewellery
 C - a ring of wizardry (left hand)
   (You found it on level 3 of the Dungeon)
 D - a ring of protection from cold
   (You took it off a hobgoblin on level 3 of the Dungeon)
Wands
 w - a wand of roots (5)
   (You took it off Natasha on level 2 of the Dungeon)
Potions
 g - a potion of invisibility {unknown}
 h - 2 potions of cancellation
 n - a potion of mutation {unknown}
 o - 3 potions of degeneration {!q@e2}
 t - a potion of curing {@q1}
 A - a potion of flight
 E - 2 potions of heal wounds {@q2}

Dungeon Overview and Level Annotations

Branches:
Dungeon (4/15) Zot: 20289
 Temple: D:4-7

Altars:
Fedhas
Gozag

Shops:
D:1 *

Annotations:
D:3 Eustachio

#...........#
#...........#
###'#.......#####
#.#...........#
#.#..########.# #####.#..#
#...#.# ...##.#..# #.#.#b#
...##.#..####.#.#ยง#
................@5########
._.##.##.####.#5.5.......#
...##.##.# #.#...######.#
..###.##.####.#...# #.#
....#.........##.@# #.#
###.####.######...# #.#
#.# #.#........# #.# #.#
#.#.####.### #.# #.##
#.#......########.#


You could see Eustachio, a quasit (summoned), 2 white imps and a bat (summoned).


Message History

Unknown command.
There is a stone staircase leading up here.
You start waiting.
Eustachio is nearby!
Danger!
Unknown command.
Eustachio says, "Summoning is fun!"
Unknown command.
Eustachio hits you with a +0 rapier.
You climb upwards.
There is a stone staircase leading down here.
Unknown command.
Unknown command.
Unknown command.
You puncture Eustachio!
Eustachio mumbles some strange words.
You barely miss Eustachio.
Eustachio casts a spell.
You closely miss Eustachio. The quasit misses you.
The quasit claws you but does no damage.
The quasit closely misses you.
Unknown command.
You hit Eustachio but do no damage. Eustachio hits you with a +0 rapier.
The white imp shouts, "Take thy face hence, thou pottle-deep knotty-pated slabber!"
The white imp barely misses you. x2
The quasit bites you but does no damage.
The quasit claws you but does no damage.
The quasit barely misses you.
You barely miss Eustachio. You block Eustachio's attack.
The white imp closely misses you.
The white imp shouts, "Slither hence, thou horrid guts-griping flirt-gill!"
The white imp hits you but does no damage.
The quasit barely misses you.
The quasit claws you but does no damage. x2
Unknown command.
You barely miss Eustachio. Eustachio hits you with a +0 rapier.
The quasit bites you but does no damage.
The quasit misses you.
The quasit claws you but does no damage.
The white imp hits you but does no damage.
The white imp hits you. The white imp freezes you.
Unknown command.
You closely miss Eustachio. The quasit bites you.
You block the quasit's attack. The quasit closely misses you.
Eustachio growls, "To hell with you, honourless miscreant!"
Eustachio hits you but does no damage.
The white imp grinds its teeth.
The white imp gestures at you. The puff of frost hits you!
* * * LOW HITPOINT WARNING * * *
The white imp gestures at you. You block the puff of frost.
Unknown command.
You hit Eustachio. The quasit barely misses you. The quasit closely misses you.
The quasit completely misses you. Eustachio hits you with a +0 rapier.
* * * LOW HITPOINT WARNING * * *
The white imp hits you but does no damage.
The white imp hits you.
* * * LOW HITPOINT WARNING * * *
The white imp freezes you.
* * * LOW HITPOINT WARNING * * *
Unknown command.
You barely miss Eustachio.
The quasit bites you but does no damage.
The quasit claws you but does no damage.
You block the quasit's attack. Eustachio closely misses you.
The white imp barely misses you.
The white imp sputters.
The white imp gestures at you. The puff of frost hits you!
* * * LOW HITPOINT WARNING * * *
Unknown command.
You puncture Eustachio!
The quasit bites you but does no damage.
The quasit closely misses you. The quasit barely misses you.
Eustachio hits you with a +0 rapier.
* * * LOW HITPOINT WARNING * * *
You puncture Eustachio! The quasit barely misses you.
You block the quasit's attack. The quasit closely misses you.
The white imp closely misses you. The white imp gestures at you.
The puff of frost misses you.
The quasit bites you but does no damage.
The quasit claws you but does no damage.
The quasit claws you.
* * * LOW HITPOINT WARNING * * *
You feel clumsy.
Unknown command.
You miss Eustachio. Eustachio barely misses you.
The white imp barely misses you.
The white imp hits you but does no damage.
The quasit bites you.
* * * LOW HITPOINT WARNING * * *
The quasit barely misses you. x2
Unknown command.
You closely miss Eustachio.
Eustachio mumbles some strange words.
Eustachio blinks!
You block the white imp's attack. The white imp gestures at you.
The puff of frost hits you.
You die...

Skill      XL: |  1  2  3  4  5 |
---------------+----------------+-----
Polearms       | 5 6 7 8 |  8.9
Fighting       | |  2.1
Throwing       | |  2.0
Dodging        | |  4.0

Action                   |  1- 3 |  4- 6 || total
-------------------------+-------+-------++-------
Melee: Trident           |   111 |   125 ||   236
       Punch             |     1 |       ||     1
  Use: Scroll            |       |     9 ||     9
 Stab: Sleeping          |     1 |       ||     1
Armor: Leather armour    |     1 |       ||     1
       Scale mail        |    42 |    55 ||    97
       Chain mail        |     1 |       ||     1
Dodge: Dodged            |    42 |    51 ||    93
Block: Buckler           |     4 |    22 ||    26

Levels and vault maps discovered:
D:1:      arrival_zaba_pyramid, layout_loops_ring, serial_shops, shop,
          basic_ecumenical_altar
D:2:      layout_loops_cross, uniq_natasha, uniq_robin
D:3:      layout_basic, nicolae_gozag_seed_capital, fedhas_altar_fruit_tree
D:4:      layout_cave_pods, uniq_blork_the_orc, uniq_eustachio

Notes
Turn   | Place    | Note
-------+----------+-------------------------------------------
     0 | D:1      | Sobieck the Merfolk Gladiator began the quest for the Orb.
     0 | D:1      | Reached XP level 1. HP: 16/16 MP: 1/1
   201 | D:1      | Reached XP level 2. HP: 20/22 MP: 2/2
   340 | D:1      | Reached skill level 5 in Polearms
   662 | D:1      | Found a faded altar of an unknown god.
   667 | D:1      | Reached XP level 3. HP: 27/27 MP: 3/3
   669 | D:1      | Found Puagg's Assorted Antiques.
   677 | D:1      | Bought a scroll labelled BUGOEN ETOIN for 21 gold pieces
   677 | D:1      | Bought a puce potion for 18 gold pieces
   677 | D:1      | Bought a viscous red potion for 18 gold pieces
   797 | D:2      | Noticed Robin
   816 | D:1      | HP: 6/27 [goblin/+0 club[Robin] (2)]
  1192 | D:1      | Killed Robin
  1193 | D:1      | Reached skill level 6 in Polearms
  1463 | D:2      | Reached XP level 4. HP: 33/33 MP: 4/4
  1709 | D:2      | Noticed Natasha
  1715 | D:2      | Killed Natasha
  1716 | D:2      | Reached skill level 7 in Polearms
  1745 | D:2      | HP: 8/33 [something/puff of flame (7)]
  1756 | D:2      | Reached XP level 5. HP: 10/38 MP: 5/5
  2028 | D:2      | Noticed Natasha
  2038 | D:2      | Killed Natasha
  2379 | D:2      | Noticed Natasha
  2389 | D:2      | Killed Natasha
  2390 | D:2      | Reached skill level 8 in Polearms
  2630 | D:3      | Found an opulent altar of Gozag.
  3015 | D:3      | Found a blossoming altar of Fedhas.
  3271 | D:4      | Reached XP level 6. HP: 21/44 MP: 6/6
  3528 | D:1      | Bought an orange potion for 18 gold pieces
  3637 | D:4      | Noticed Eustachio
  3683 | D:3      | HP: 7/44 [white imp/puff of frost[Eustachio] (7)]
  3685 | D:3      | HP: 2/44 [quasit[Eustachio] (2)]
  3687 | D:3      | Killed from afar by a white imp

Vanquished Creatures
  A scorpion (D:4)
  An orc wizard (D:2)
  Natasha (thrice) (D:2)
  Robin (D:1)
  3 adders (D:2)
  A dart slug (D:1)
  2 orcs (D:2)
  4 ball pythons
  3 endoplasms
  4 giant cockroaches
  17 goblins
  5 hobgoblins
  5 jackals
  2 quokkas (D:1)
  3 bats
  2 frilled lizards (D:1)
  3 kobolds
  5 rats
65 creatures vanquished.

Table legend:
 A = Non-vault XP
 B = Vault XP
 C = Vault XP percentage of total XP
 D = Non-vault monster count
 E = Vault monster count
 F = Vault count percentage of total count
                 A         B        C        D         E       F
            +---------+---------+-------+---------+---------+-------
      Total |     309 |      71 |  18.7 |      52 |      13 |  20.0
            +---------+---------+-------+---------+---------+-------
        D:1 |      38 |      21 |  35.6 |      22 |       4 |  15.4
        D:2 |     163 |      50 |  23.5 |      16 |       9 |  36.0
        D:3 |      17 |       0 |   0.0 |      11 |       0 |   0.0
        D:4 |      91 |       0 |   0.0 |       3 |       0 |   0.0
            +---------+---------+-------+---------+---------+-------

Illustrated notes

Table legend:
 A = Kills in this place as a percentage of kills in entire the game.
 B = Kills by you in this place as a percentage of kills by you in the entire game.
 C = Kills by friends in this place as a percentage of kills by friends in the entire game.
 D = Other kills in this place as a percentage of other kills in the entire game.
 E = Experience gained in this place as a percentage of experience gained in the entire game.
 F = Experience gained in this place divided by the number of levels of this place that you have seen.
                   A       B       C       D       E      F
               +-------+-------+-------+-------+-------+----------------------
         Total | 100.0 | 100.0 |   N/A |   N/A | 100.0 |  95.0
       Dungeon | 100.0 | 100.0 |   N/A |   N/A | 100.0 |  95.0
               +-------+-------+-------+-------+-------+----------------------

Table legend: (Time is in decaauts)
 A = Elapsed time spent in this place.
 B = Non-inter-level travel time spent in this place.
 C = Inter-level travel time spent in this place.
 D = Time resting spent in this place.
 E = Time spent auto-exploring this place.
 F = Levels seen in this place.
 G = Mean time per level.
                   A        B        C        D        E       F      G
               +--------+--------+--------+--------+--------+-----+--------+
         Total |   3709 |   3552 |    157 |   1076 |   1947 |   4 |  927.2 |
       Dungeon |   3709 |   3552 |    157 |   1076 |   1947 |   4 |  927.2 |
               +--------+--------+--------+--------+--------+-----+--------+

Top non-repeatable levels by time:
     D:1: 1399 daAuts
     D:2: 1220 daAuts
     D:3: 928 daAuts
     D:4: 161 daAuts
